 Dungeon Crawl Stone Soup version 0.31.0-9-g3a7656b989 (webtiles) character file.

Game seed: 4173714077806604318

1347 qw the Skirmisher (level 8, 0/45 HPs)
             Began as a Deep Elf Hunter on Feb 2, 2024.
             Was a Priest of Okawaru.
             Slain by an orc
             ... wielding a +0 mace
              (4 damage)
             ... on level 6 of the Dungeon.
             The game lasted 00:00:18 (4574 turns).

qw the Skirmisher (Deep Elf Hunter)                 Turns: 4574, Time: 00:00:18

Health: 0/45       AC:  9    Str: 10    XL:     8   Next: 36%
Magic:  13/13      EV: 11    Int: 15    God:    Okawaru [***...]
Gold:   149        SH:  0    Dex: 18    Spells: 7/7 levels left

rFire   . . .        i - +0 orcbow
rCold   . . .        (shield currently unavailable)
rNeg    . . .        g - +4 ring mail {Will+}
rPois   +            (no helmet)
rElec   .            (no cloak)
rCorr   .            (no gloves)
SInv    .            (no boots)
Will    +....        (no amulet)
Stlth   +            h - ring of poison resistance
HPRegen 0.27/turn    (no ring)
MPRegen 0.13/turn

%: no passive effects
@: no status effects
A: no striking features
a: Renounce Religion, Heroism


You were on level 6 of the Dungeon.
You worshipped Okawaru.
Okawaru was most pleased with you.
You visited 1 branch of the dungeon, and saw 6 of its levels.

You collected 366 gold pieces.
You spent 217 gold pieces at shops.


   Skills:
 + Level 2.9 Fighting
 - Level 12.1 Ranged Weapons
 - Level 1.5 Armour
 - Level 3.1 Dodging
 - Level 1.2 Stealth
 - Level 4.2 Invocations


You had 7 spell levels left.
You didn't know any spells.
Your spell library was empty.

Inventory:

Hand Weapons
 i - a +0 orcbow (weapon)
Armour
 e - the +0 leather armour of the Special Spines {^Drain rElec rF+ rC+++}
   (You bought it in a shop on level 6 of the Dungeon)

   rF+:       It protects you from fire.
   rC+++:     It renders you almost immune to cold.
   rElec:     It insulates you from electricity.
   ^Drain:    It drains your maximum health when unequipped.
 g - a +4 ring mail of willpower (worn)
Jewellery
 f - a ring of willpower
 h - a ring of poison resistance (left hand)
Wands
 b - a wand of flame (14)
 d - a wand of iceblast (9)
Potions
 a - a potion of magic
 c - a potion of cancellation

Dungeon Overview and Level Annotations

Branches:
Dungeon (6/15)             Temple (0/1) D:5

Altars:
Hepliaklqana
Kikubaaqudgha
Nemelex Xobeh
Okawaru
Ru
Wu Jian
Zin

Shops:
D:1 *   D:6 [

Annotations:
D:4 3 runed translucent doors, qw's ghost, amateur DjHu; qw's ghost, amateur SpHu
D:6 1 transporter


Message History

The orc shouts!
The arrow hits the orc warrior.
The orc warrior is lightly wounded.
The orc warrior hits you but does no damage.
You shoot an arrow.
The arrow closely misses the orc warrior.
The orc warrior hits you with a +0 dire flail!
You shoot an arrow.
The arrow barely misses the orc warrior.
The orc warrior hits you with a +0 dire flail.
You shoot an arrow.
The arrow barely misses the orc warrior.
The orc warrior misses you.
You shoot an arrow. The arrow hits the orc warrior.
The orc warrior is moderately wounded.
The orc warrior barely misses you.
You shoot an arrow. The arrow hits the orc warrior.
The orc warrior is heavily wounded.
The orc warrior closely misses you. The orc hits you with a +0 mace.
You shoot an arrow.
The arrow closely misses the orc warrior.
The orc warrior hits you with a +0 dire flail!
The orc hits you with a +0 mace.
You shoot an arrow. The arrow hits the orc warrior!
The orc warrior is severely wounded.
The orc warrior hits you with a +0 dire flail.
The orc barely misses you.
You shoot an arrow.
The arrow hits the orc warrior but does no damage.
The orc warrior is severely wounded.
The orc warrior hits you with a +0 dire flail.
The orc misses you.
You shoot an arrow.
The arrow barely misses the orc warrior.
The orc warrior barely misses you. The orc hits you but does no damage.
You shoot an arrow.
The arrow closely misses the orc warrior.
The orc warrior hits you with a +0 dire flail.
The orc hits you with a +0 mace.
You die...

## .. .# .# #### .#
.^.} .# .$..
########.# .8$.
#......@o#### ).[.
###.#.#....)o......
...}
#.........>.....)..
##.#.#.#..........
####
#.#.#..########
##.# #.#.#.#..#
##.# #.#......#
##.# #.###.#.######
##.# #.#...........
.#


You could see an orc warrior and an orc.

Vanquished Creatures
  Menkaure (D:4)
  Pargi (D:4)
  2 ice beasts
  2 black bears (D:6)
  An ogre (D:5)
  A centaur (D:5)
  Blork the orc (D:5)
  A howler monkey (D:5)
  A bombardier beetle (D:5)
  2 hounds (D:6)
  A jelly (D:5)
  An iguana (D:6)
  A sleepcap (D:4)
  4 orc wizards
  8 gnolls
  7 adders
  5 dart slugs
  A ribbon worm (D:2)
  11 orcs
  6 endoplasms
  3 giant cockroaches
  7 goblins
  3 hobgoblins
  9 jackals
  7 kobolds
  2 quokkas
  3 ball pythons
  3 bats
  A frilled lizard (D:1)
  6 rats
102 creatures vanquished.

Notes
Turn   | Place    | Note
-------+----------+-------------------------------------------
     0 | D:1      | qw the Deep Elf Hunter began the quest for the Orb.
     0 | D:1      | Reached XP level 1. HP: 12/12 MP: 3/3
     0 | D:1      | 0 ||| qw: Version: 0.3-a-155-g5e7d8dd
     0 | D:1      | 0 ||| qw: Game counter: 2369
     0 | D:1      | 0 ||| qw: Melee chars always use a shield: true
     0 | D:1      | 0 ||| qw: God list: Okawaru
     0 | D:1      | 0 ||| qw: Allow faded altars: false
     0 | D:1      | 0 ||| qw: Do Orc after clearing Dungeon:15 true
     0 | D:1      | 0 ||| qw: Do second Lair branch before Depths: true
     0 | D:1      | 0 ||| qw: Lair rune preference: random
     0 | D:1      | 0 ||| qw: Goals: Normal
     0 | D:1      | 0 ||| PLANNING D:1-11
    47 | D:1      | Reached skill level 6 in Ranged Weapons
    47 | D:1      | Reached XP level 2. HP: 16/16 MP: 4/4
   165 | D:1      | Found Uvinud's General Store.
   168 | D:1      | 168 ||| SHOPLISTING +0 scale mail (48 gold, have 28).
   168 | D:1      | 168 ||| SHOPLISTING potion of cancellation (96 gold, have
                  | 28).
   168 | D:1      | 168 ||| SHOPLISTING potion of curing (36 gold, have 28).
   462 | D:1      | Found a faded altar of an unknown god.
   542 | D:1      | 542 ||| UPGRADING to +0 ring mail.
   552 | D:1      | 552 ||| DROPPING +0 leather armour.
   553 | D:1      | 553 ||| READING scroll labelled BUEWKU CEIXT.
   554 | D:1      | 554 ||| READING 2 scrolls labelled RYZUOKK UBISKU.
   555 | D:1      | 555 ||| READING scroll labelled FONYLI VESIUR.
   555 | D:1      | 555 ||| BRANDING +0 shortbow.
   556 | D:1      | 556 ||| DROPPING scroll of butterflies.
   557 | D:1      | 557 ||| DROPPING scroll of blinking.
   679 | D:2      | Reached XP level 3. HP: 20/20 MP: 5/5
   925 | D:2      | Reached skill level 7 in Ranged Weapons
  1211 | D:2      | 1211 ||| UPGRADING to +2 ring mail of willpower.
  1221 | D:2      | 1221 ||| DROPPING +0 ring mail.
  1222 | D:2      | 1222 ||| UPGRADING to ring of poison resistance.
  1223 | D:2      | 1223 ||| DROPPING ring of wizardry.
  1224 | D:2      | 1224 ||| READING scroll labelled SUNEJAPN ETHA.
  1224 | D:2      | 1224 ||| IDENTIFYING clear potion
  1225 | D:2      | 1225 ||| READING scroll labelled GIS KUTHRUDUONG.
  1226 | D:2      | 1226 ||| READING scroll labelled UBAL EDAKH.
  1359 | D:3      | Reached XP level 4. HP: 25/25 MP: 6/6
  1522 | D:3      | 1522 ||| FLEEEEING.
  1523 | D:3      | 1523 ||| FLEEEEING.
  1906 | D:3      | Found an ancient bone altar of Kikubaaqudgha.
  1906 | D:3      | Found an iron altar of Okawaru.
  1906 | D:3      | Found a glowing silver altar of Zin.
  1906 | D:3      | Found a sacrificial altar of Ru.
  1907 | D:3      | 1907 ||| PLANNING OKAWARU WORSHIP
  1907 | D:3      | 1907 ||| READING scroll labelled HUMUKLI CODOCHIFF.
  1912 | D:3      | Became a worshipper of Warmaster Okawaru
  1913 | D:3      | 1913 ||| PLANNING D:1-11
  1917 | D:3      | Found a hazy altar of Hepliaklqana.
  1917 | D:3      | Found an ornate altar of the Wu Jian Council.
  2059 | D:4      | 2059 ||| FLEEEEING.
  2075 | D:4      | Found a runed translucent gate.
  2075 | D:4      | Found a runed translucent gate.
  2079 | D:4      | Found a runed translucent gate.
  2080 | D:4      | Noticed qw's ghost (amateur SpHu)
  2081 | D:4      | Noticed qw's ghost (amateur DjHu)
  2118 | D:4      | Noticed Menkaure
  2127 | D:4      | 2127 ||| ZAPPING wand of flame (18) at -1,-1 (Menkaure;
                  | floor).
  2128 | D:4      | 2128 ||| ZAPPING wand of flame (17) at -1,-1 (Menkaure;
                  | floor).
  2129 | D:4      | 2129 ||| ZAPPING wand of flame (16) at -1,-1 (Menkaure;
                  | floor).
  2129 | D:4      | HP: 1/25 [Menkaure (11)]
  2130 | D:4      | 2130 ||| DRINKING potion of heal wounds.
  2131 | D:4      | 2131 ||| ZAPPING wand of flame (15) at -1,-1 (Menkaure;
                  | floor).
  2131 | D:4      | Killed Menkaure
  2132 | D:4      | Reached skill level 9 in Ranged Weapons
  2132 | D:4      | Reached XP level 5. HP: 14/29 MP: 7/7
  2201 | D:4      | Reached * piety under Okawaru
  2260 | D:4      | Noticed Pargi
  2261 | D:4      | 2261 ||| INVOKING Heroism.
  2270 | D:4      | Killed Pargi
  2271 | D:4      | Reached XP level 6. HP: 32/35 MP: 5/8
  2796 | D:4      | 2796 ||| READING 2 scrolls of identify.
  2796 | D:4      | 2796 ||| IDENTIFYING coppery potion
  2797 | D:4      | 2797 ||| READING scroll of identify.
  2797 | D:4      | 2797 ||| IDENTIFYING fizzy cyan potion
  2798 | D:4      | 2798 ||| READING scroll labelled CUDAGUTHR YK ROO.
  2798 | D:4      | 2798 ||| ENCHANTING +2 ring mail of willpower.
  2799 | D:4      | 2799 ||| DROPPING potion of brilliance.
  2828 | D:5      | Entered Level 5 of the Dungeon
  2891 | D:5      | Reached skill level 10 in Ranged Weapons
  2891 | D:5      | Reached skill level 1 in Invocations
  2898 | D:5      | Identified the +10 war axe "Yntash" {freeze, rF+ Will+
                  | Str+3}
  2955 | D:5      | Identified the +7 hand axe of Tiqe {pain, ^Drain Str+7}
  2978 | D:5      | Reached skill level 3 in Dodging
  3056 | D:5      | 3056 ||| SWAPPING to +0 orcbow.
  3070 | D:5      | Reached XP level 7. HP: 34/40 MP: 10/10
  3092 | D:5      | 3092 ||| DROPPING +0 shortbow of freezing.
  3212 | D:5      | Reached skill level 3 in Invocations
  3218 | D:5      | 3218 ||| READING scroll of enchant armour.
  3218 | D:5      | 3218 ||| ENCHANTING +3 ring mail of willpower.
  3238 | D:5      | Reached ** piety under Okawaru
  3282 | D:5      | Noticed Blork the orc
  3292 | D:5      | Killed Blork the orc
  3433 | D:5      | Reached skill level 11 in Ranged Weapons
  3477 | D:5      | Found a staircase to the Ecumenical Temple.
  3744 | D:5      | 3744 ||| READING 2 scrolls of identify.
  3744 | D:5      | 3744 ||| IDENTIFYING metallic puce potion
  3745 | D:5      | 3745 ||| READING scroll of identify.
  3745 | D:5      | 3745 ||| IDENTIFYING silvery potion
  3746 | D:5      | 3746 ||| READING scroll labelled QAPNIY NICOE.
  3751 | D:5      | 3751 ||| READING scroll labelled IRACEE POMEA.
  3752 | D:5      | 3752 ||| DROPPING potion of degeneration.
  3797 | D:6      | Found Latan's Antique Armour Emporium.
  3806 | D:6      | 3806 ||| BUYING fading leather armour (217 gold).
  3806 | D:6      | Bought a fading leather armour for 217 gold pieces
  3806 | D:6      | Identified the +0 leather armour of the Special Spines
                  | {^Drain rElec rF+ rC+++} (You bought it in a shop on level
                  | 6 of the Dungeon)
  3806 | D:6      | 3806 ||| SHOPLISTING glowing helmet (232 gold, have 72).
  3862 | D:6      | Found a sparkling altar of Nemelex Xobeh.
  3862 | D:6      | Found a transporter.
  3862 | D:6      | Noticed a skeletal warrior
  3882 | D:6      | Reached XP level 8. HP: 35/44 MP: 13/13
  4031 | D:6      | 4031 ||| ZAPPING wand of iceblast (10) at 0,2 (floor).
  4032 | D:6      | Reached skill level 12 in Ranged Weapons
  4454 | D:6      | Reached *** piety under Okawaru
  4455 | D:6      | Reached skill level 1 in Armour
  4571 | D:6      | HP: 9/45 [orc warrior/+0 dire flail (6)]
  4574 | D:6      | HP: 4/45 [orc warrior/+0 dire flail (4)]
  4574 | D:6      | Slain by an orc

Levels and vault maps discovered:
D:1:      dpeg_arrival_windows_large_door, layout_basic,
          shapermc_ecumenical_altar_mp_urbaneastern, serial_shops,
          nicolae_shop_behind_doors
D:2:      layout_loops_cross
D:3:      layout_basic, minmay_overflow_temple_hex
D:4:      layout_basic, gammafunk_ghost_cemetery, serial_curves, eino_curves_01,
          eino_curves_01, supply_closet_lemuel, uniq_pargi, uniq_menkaure
D:5:      layout_basic, minmay_temple_entry_ruins, serial_glass,
          glass_columns_b, glass_columns_b, uniq_blork_the_orc
D:6:      layout_basic, grunt_nemelex_the_gamble, serial_shops, shop

Skill      XL: |  1  2  3  4  5  6  7  8 |
---------------+-------------------------+-----
Ranged Weapons | 6 7 9 10 11 12 | 12.1
Fighting       | 2 |  2.9
Invocations    | 2 4 |  4.2
Dodging        | 3 |  3.1
Armour         | 1 |  1.5
Stealth        | |  1.2

Action                     |  1- 3 |  4- 6 |  7- 9 || total
---------------------------+-------+-------+-------++-------
   Fire: Shortbow          |    83 |   105 |       ||   188
         Orcbow            |       |    13 |   165 ||   178
 Invoke: Heroism           |       |     1 |       ||     1
  Evoke: Wand              |       |     4 |     1 ||     5
    Use: Scroll            |     6 |     4 |     5 ||    15
         Potion            |       |     1 |       ||     1
 Armour: Leather armour    |     1 |       |       ||     1
         Ring mail         |     3 |    29 |    64 ||    96
  Dodge: Dodged            |    15 |    29 |    55 ||    99

Table legend:
 A = Non-vault XP
 B = Vault XP
 C = Vault XP percentage of total XP
 D = Non-vault monster count
 E = Vault monster count
 F = Vault count percentage of total count
                 A         B        C        D         E       F
            +---------+---------+-------+---------+---------+-------
      Total |    1531 |     394 |  20.5 |      99 |       3 |   2.9
            +---------+---------+-------+---------+---------+-------
        D:1 |      35 |       0 |   0.0 |      13 |       0 |   0.0
        D:2 |      49 |       0 |   0.0 |      20 |       0 |   0.0
        D:3 |      48 |       0 |   0.0 |      13 |       0 |   0.0
        D:4 |      74 |     303 |  80.4 |      17 |       2 |  10.5
        D:5 |     702 |      91 |  11.5 |      18 |       1 |   5.3
        D:6 |     623 |       0 |   0.0 |      18 |       0 |   0.0
            +---------+---------+-------+---------+---------+-------
